 Dungeon Crawl Stone Soup version 0.28-a0-895-g6e5f11bd55 (webtiles) character file.

Game seed: 18062345966527433805

431 ytrimaz the Cudgeller (level 6, -9/49 HPs)
             Began as a Demonspawn Fighter on Nov 22, 2021.
             Mangled by a yak (12 damage)
             ... on level 5 of the Dungeon.
             The game lasted 00:05:13 (4359 turns).

ytrimaz the Cudgeller (Demonspawn Fighter)          Turns: 4359, Time: 00:05:14

Health: -9/49      AC:  9    Str: 19    XL:     6   Next: 67%
Magic:  6/6        EV:  9    Int:  9    God:
Gold:   192        SH:  9    Dex: 12    Spells: 5/5 levels left

rFire   . . .      SeeInvis .   a - +1 flail
rCold   . . .      Faith    .   c - +1 buckler
rNeg    . . .      Spirit   .   b - +0 scale mail
rPois   .          Reflect  .   (helmet restricted)
rElec   .          Harm     .   (no cloak)
rCorr   .          Rampage  .   k - +0 pair of gloves
Will    .....                   (no boots)
Stlth   ..........              (no amulet)
HPRegen 0.16/turn               (no ring)
MPRegen 0.10/turn               (no ring)

@: mighty, flying
A: horns 1, rugged brown scales 1, condensation shield
a: no special abilities


You were on level 5 of the Dungeon.
You visited 1 branch of the dungeon, and saw 5 of its levels.

You collected 192 gold pieces.

Inventory:

Hand Weapons
 a - a +1 flail (weapon)
Armour
 b - a +0 scale mail (worn)
 c - a +1 buckler (worn)
 k - a +0 pair of gloves (worn)
Jewellery
 l - an amulet of the acrobat
Wands
 n - a wand of iceblast (8)
Scrolls
 f - a scroll of enchant weapon
 i - a scroll of summoning
 j - a scroll of blinking
 p - a scroll of magic mapping {unknown}
Potions
 e - a potion of berserk rage
 g - a potion of curing
 h - a potion of cancellation


   Skills:
 + Level 3.9 Fighting
 + Level 4.6 Maces & Flails
 + Level 4.2 Armour
 + Level 3.4 Shields


You had 5 spell levels left.
You didn't know any spells.
Your spell library contained the following spells:

 Spells                   Type           Power      Damage    Failure   Level
 Corpse Rot               Necr/Air       0%         N/A       88%         2
 Poisonous Vapours        Pois/Air       0%         N/A       88%         2
 Summon Lightning Spire   Summ/Air       0%         N/A       100%        4
 Storm Form               Tmut/Air       0%         N/A       100%        7
 Maxwell's Capacitive Co  Air            0%         ∞         100%        8


Dungeon Overview and Level Annotations

Branches:
Dungeon (5/15)
 Temple: D:4-7

Altars:
Cheibriados
Fedhas
Qazlal

Shops:
D:4 ?


Innate Abilities, Weirdness & Mutations

You have a pair of small horns on your head.
You are partially covered in rugged brown scales. (AC +1, +3% HP)
A meltable shield of frost defends you. (SH +4)


Message History

You are too injured to fight recklessly!
You are too injured to fight recklessly!
You are too injured to fight recklessly!
You are too injured to fight recklessly!
You are too injured to fight recklessly!
You are too injured to fight recklessly!
You are too injured to fight recklessly!
You are too injured to fight recklessly!
You are too injured to fight recklessly!
You are too injured to fight recklessly!
You are too injured to fight recklessly!
You are too injured to fight recklessly!
You are too injured to fight recklessly!
You are too injured to fight recklessly!
You are too injured to fight recklessly!
You are too injured to fight recklessly!
You are too injured to fight recklessly!
You are too injured to fight recklessly!
You are too injured to fight recklessly!
You are too injured to fight recklessly!
You are too injured to fight recklessly!
You are too injured to fight recklessly!
You are too injured to fight recklessly!
You are too injured to fight recklessly!
You are too injured to fight recklessly!
You are too injured to fight recklessly!
Unknown command.
You feel very mighty all of a sudden. The yak gores you!
* * * LOW HITPOINT WARNING * * *
You sock the yak! You headbutt the yak.
The yak is heavily wounded.
The yak gores you but does no damage. You block the yak's attack.
Unknown command.
It was a potion of magic.
Magic courses through your body. You block the yak's attack.
It was a potion of flight.
You feel very buoyant.
You fly up into the air.
The yak gores you!
You die...

##.## ..... #.........
##.#####.### ##.#...#.#
...........####...#...#
##...................#
#######.#.####...#Y.#
#............Y#
###.#########.#
#.#########.#
#......@YYY.#
#############


You could see 3 yaks.

Vanquished Creatures
  2 black bears
  A jelly (D:4)
  An orc wizard (D:3)
  Natasha (twice) (D:2)
  Robin (D:2)
  5 adders
  5 dart slugs
  4 orcs (D:3)
  6 ball pythons
  6 bats
  5 endoplasms
  4 giant cockroaches
  18 goblins
  9 hobgoblins
  8 kobolds
  2 quokkas
  4 frilled lizards
  4 rats
87 creatures vanquished.

Notes
Turn   | Place    | Note
-------+----------+-------------------------------------------
     0 | D:1      | ytrimaz the Demonspawn Fighter began the quest for the Orb.
     0 | D:1      | Reached XP level 1. HP: 18/18 MP: 1/1
   250 | D:1      | Gained mutation: You have a pair of small horns on your
                  | head. [demonic ancestry]
   250 | D:1      | Reached XP level 2. HP: 23/24 MP: 2/2
  1196 | D:2      | Gained mutation: You are partially covered in rugged brown
                  | scales. (AC +1, +3% HP) [demonic ancestry]
  1196 | D:2      | Reached XP level 3. HP: 22/29 MP: 3/3
  1587 | D:2      | Noticed Robin
  1605 | D:2      | Killed Robin
  1606 | D:2      | Reached XP level 4. HP: 21/36 MP: 4/4
  2038 | D:2      | Noticed Natasha
  2041 | D:2      | Killed Natasha
  2441 | D:2      | Noticed Natasha
  2448 | D:2      | Killed Natasha
  2671 | D:3      | Reached XP level 5. HP: 42/42 MP: 5/5
  3628 | D:4      | Noticed a black bear
  3637 | D:4      | Killed a black bear
  3638 | D:4      | Gained mutation: A meltable shield of frost defends you.
                  | (SH +4) [demonic ancestry]
  3638 | D:4      | Reached XP level 6. HP: 38/49 MP: 6/6
  3873 | D:4      | Found a snail-covered altar of Cheibriados.
  4024 | D:4      | Found Ohiokkymm's Magic Scroll Boutique.
  4239 | D:5      | Entered Level 5 of the Dungeon
  4265 | D:5      | Found a stormy altar of Qazlal.
  4268 | D:5      | Found a blossoming altar of Fedhas.
  4337 | D:5      | Noticed a yak
  4338 | D:5      | Noticed a yak
  4338 | D:5      | Noticed a yak
  4356 | D:5      | HP: 2/49 [yak (12)]
  4359 | D:5      | Mangled by a yak

Illustrated notes

Levels and vault maps discovered:
D:1:      scummos_arrival_star, layout_loops_cross
D:2:      layout_loops_ring, serial_rivers, chequers_serial_rivers_small_b,
          chequers_serial_rivers_room_a, chequers_serial_rivers_micro_c,
          chequers_serial_rivers_small_b, uniq_natasha, uniq_robin
D:3:      layout_basic, kennysheep_generic_room_16
D:4:      layout_basic, mainiacjoe_overflow_alcove_2, serial_shops, shop
D:5:      layout_loops_ring, grunt_temple_overflow_forces_of_nature,
          temple_statues

Skill      XL: |  1  2  3  4  5 |
---------------+----------------+-----
Maces & Flails | 2 3 4 |  4.6
Armour         | 3 4 |  4.2
Shields        | 3 |  3.4
Fighting       | |  3.9

Action                   |  1- 3 |  4- 6 || total
-------------------------+-------+-------++-------
Melee: Flail             |   100 |   128 ||   228
       Headbutt          |    11 |    20 ||    31
  Use: Potion            |     1 |     3 ||     4
       Scroll            |     5 |     5 ||    10
Armor: Scale mail        |    50 |    56 ||   106
Dodge: Dodged            |    38 |    62 ||   100
Block: Buckler           |    14 |    40 ||    54

Table legend: (Time is in decaauts)
 A = Elapsed time spent in this place.
 B = Non-inter-level travel time spent in this place.
 C = Inter-level travel time spent in this place.
 D = Time resting spent in this place.
 E = Time spent auto-exploring this place.
 F = Levels seen in this place.
 G = Mean time per level.
                   A        B        C        D        E       F      G
               +--------+--------+--------+--------+--------+-----+--------+
         Total |   4438 |   4381 |     57 |    894 |   2740 |   5 |  887.6 |
       Dungeon |   4438 |   4381 |     57 |    894 |   2740 |   5 |  887.6 |
               +--------+--------+--------+--------+--------+-----+--------+

Top non-repeatable levels by time:
     D:2: 1499 daAuts
     D:1: 1207 daAuts
     D:4: 930 daAuts
     D:3: 678 daAuts
     D:5: 122 daAuts
